 Dungeon Crawl Stone Soup version 0.26-a0-455-g0958c023ba (webtiles) character file.

Game seed: 999917315967599285

66 Apogee the Grasshopper (level 4, -7/29 HPs)
             Began as a Halfling Warper on July 29, 2020.
             Killed by divine providence
             ... invoked by an orc priest
              (11 damage)
             ... on level 3 of the Dungeon.
             The game lasted 00:05:50 (2186 turns).

Apogee the Grasshopper (Halfling Warper)            Turns: 2186, Time: 00:05:51

Health: -7/29      AC:  5    Str: 13    XL:     4   Next: 37%
Magic:  6/6        EV: 14    Int: 11    God:
Gold:   182        SH:  0    Dex: 13    Spells: 4/6 levels left

rFire    . . .     SeeInvis .   x - +0 rapier
rCold    . . .     Faith    .   (shield restricted)
rNeg     . . .     Spirit   .   r - +0 ring mail
rPois    .         Reflect  .   (no helmet)
rElec    .         Harm     .   (no cloak)
rCorr    .                      f - -1 pair of gloves (curse)
MR       .....                  (no boots)
Stlth    +.........             (no amulet)
HPRegen  0.09/turn              (no ring)
MPRegen  0.10/turn              (no ring)

@: very slightly contaminated
A: small, mutation resistance 1
a: no special abilities


You were on level 3 of the Dungeon.
You visited 1 branch of the dungeon, and saw 3 of its levels.

You collected 182 gold pieces.

Inventory:

Hand Weapons
 a - a +0 short sword
 b - a +0 hunting sling
   (You found it on level 2 of the Dungeon)
 x - a +0 rapier (weapon)
   (You found it on level 2 of the Dungeon)
Missiles
 e - 5 boomerangs of dispersal (quivered) {!f}
 g - 101 stones
 l - 15 sling bullets
Armour
 f - a cursed -1 pair of gloves (worn)
   (You found it on level 1 of the Dungeon)
 n - a +0 leather armour
 r - a +0 ring mail (worn)
   (You found it on level 2 of the Dungeon)
 w - a +3 leather armour
   (You found it on level 2 of the Dungeon)
Scrolls
 c - 2 scrolls of enchant weapon {unknown}
 h - 4 scrolls of identify {unknown}
 j - a scroll of fear {unknown}
 u - a scroll of fog {unknown}
 y - a scroll of remove curse {unknown}
Potions
 i - 2 potions of invisibility {unknown}
 k - 3 potions of might {unknown}
 m - a potion of curing {unknown}
 o - a potion of stabbing {unknown}
 p - 3 potions of cancellation {unknown}
 q - a potion of degeneration {unknown}
 s - 2 potions of lignification {unknown}
 t - a potion of mutation {unknown}
 v - a potion of haste {unknown}


   Skills:
 - Level 1.7 Fighting
 - Level 3.2 Short Blades
 * Level 2.8(3.0) Slings
 - Level 1.0(1.5) Throwing
 - Level 1.1 Armour
 + Level 3.3 Dodging
 - Level 1.5 Spellcasting
 - Level 3.5 Translocations


You had 4 spell levels left.
You knew the following spells:

 Your Spells              Type           Power        Failure   Level
b - Blink                 Tloc           N/A          24%         2

Your spell library contained the following spells:

 Spells                   Type           Power        Failure   Level
 Gell's Gravitas          Tloc           #.........   43%         3
 Lesser Beckoning         Tloc           #.........   43%         3
 Teleport Other           Tloc           #.......     43%         3
 Passage of Golubria      Tloc           N/A          83%         4


Dungeon Overview and Level Annotations

Branches:
Dungeon (3/15)

Altars:
Gozag


Innate Abilities, Weirdness & Mutations

You are small and have problems with some larger weapons.
You are somewhat resistant to further mutation.


Message History

A worm and a goblin come into view.
The goblin shouts!
There are monsters nearby!
The goblin barely misses you.
You closely miss the goblin. The goblin hits you but does no damage.
You hit the goblin.
You kill the goblin!
You hit the worm but do no damage. You hit the worm.
The worm closely misses you.
You puncture the worm! The worm bites you!
You completely miss the worm. You hit the worm. The worm closely misses you.
You puncture the worm! You hit the worm but do no damage. The worm bites you.
You hit the worm.
You kill the worm!
No target in view!
No target in view!
No target in view!
No target in view!
An orc and an orc priest come into view.
The orc priest shouts!
The orc priest moves out of view.
An orc comes into view. It is wielding a +0 club.
There are monsters nearby!
There are monsters nearby!
There are monsters nearby!
A leopard gecko comes into view.
The orc misses you.
The leopard gecko moves out of view.
You puncture the orc! You closely miss the orc. The orc barely misses you.
The orc priest misses you.
You closely miss the orc. The orc misses you.
The orc priest calls down the wrath of Beogh upon you.
Beogh smites you! The orc closely misses you.
You closely miss the orc. The orc barely misses you.
The orc priest barely misses you. The orc barely misses you.
You closely miss the orc. The orc hits you but does no damage.
The orc priest hits you with a +0 club. The orc misses you.
You closely miss the orc. The orc closely misses you.
The orc priest barely misses you. The orc closely misses you.
You barely miss the orc. The orc hits you but does no damage.
The orc priest calls down the wrath of Beogh upon you.
Pain shoots through your body!
* * * LOW HITPOINT WARNING * * *
The orc hits you but does no damage.
You are very lightly contaminated with residual magic.
As you read the scroll of blinking, it crumbles to dust.
The orc priest calls down the wrath of Beogh upon you.
Beogh smites you!
You die...

##............o..#..
#.......>....ool.#.#
###)............#.#....
#.......................
#.##............#....#..
#.###...........#.......
###.#####...........#..#.
#.....# ...........#..##
#.#.###.........@##. .
#.._..##.##............#
###.#.# #####......####
#.....####......#####
###.###.........#
.......###......#####..
.......###.....<.......
............(..........
.....).###......#######


You could see an orc priest and an orc.

Vanquished Creatures
  An adder (D:3)
  3 worms
  3 dart slugs
  2 leopard geckos
  4 bats
  3 giant cockroaches (D:2)
  7 goblins
  3 hobgoblins
  4 frilled lizards
  4 kobolds
  7 rats
41 creatures vanquished.

Notes
Turn   | Place    | Note
-------+----------+-------------------------------------------
     0 | D:1      | Apogee the Halfling Warper began the quest for the Orb.
     0 | D:1      | Reached XP level 1. HP: 14/14 MP: 3/3
   289 | D:1      | Reached XP level 2. HP: 19/19 MP: 4/4
   298 | D:1      | Learned a level 2 spell: Blink
   924 | D:2      | Reached XP level 3. HP: 24/24 MP: 5/5
  1160 | D:2      | Reached skill level 1 in Slings
  1707 | D:2      | Reached XP level 4. HP: 29/29 MP: 6/6
  1943 | D:3      | Found an opulent altar of Gozag.
  2186 | D:3      | Killed from afar by an orc priest

Illustrated notes

Levels and vault maps discovered:
D:1:      enne_arrival_octagon_isle, layout_loops_corners
D:2:      layout_basic, minmay_pentomino_pile
D:3:      layout_rooms, lemuel_doored_altar,
          nicolae_gozag_cash_rules_everything_around_me,
          ebering_ghost_rock_garden, grunt_decor_one_mirror

Skill      XL: |  1  2  3 |
---------------+----------+-----
Short Blades   | 3 |  3.2
Dodging        | 3 |  3.3
Slings         | 2 |  2.8
Fighting       | |  1.7
Throwing       | |  1.0
Armour         | |  1.1
Spellcasting   | |  1.5
Translocations | |  3.5

Action                   |  1- 3 |  4- 6 || total
-------------------------+-------+-------++-------
Melee: Short sword       |   140 |     2 ||   142
       Rapier            |       |    31 ||    31
  Use: Scroll            |       |     1 ||     1
 Stab: Sleeping          |     2 |       ||     2
Armor: Leather armour    |    12 |       ||    12
       Ring mail         |    14 |     7 ||    21
Dodge: Dodged            |   105 |    28 ||   133

Table legend: (Time is in decaauts)
 A = Elapsed time spent in this place.
 B = Non-inter-level travel time spent in this place.
 C = Inter-level travel time spent in this place.
 D = Time resting spent in this place.
 E = Time spent auto-exploring this place.
 F = Levels seen in this place.
 G = Mean time per level.
                   A        B        C        D        E       F      G
               +--------+--------+--------+--------+--------+-----+--------+
         Total |   2178 |   2139 |     39 |     76 |   1665 |   3 |  726.0 |
       Dungeon |   2178 |   2139 |     39 |     76 |   1665 |   3 |  726.0 |
               +--------+--------+--------+--------+--------+-----+--------+

Top non-repeatable levels by time:
     D:2: 1025 daAuts
     D:1: 896 daAuts
     D:3: 257 daAuts
